 Dungeon Crawl Stone Soup version 0.22-a0-142-g91cc6d7 (webtiles) character file.

97 varam the Chopper (level 4, -5/39 HPs)
             Began as a Hill Orc Fighter on Feb 5, 2018.
             Was an Initiate of Makhleb.
             Slain by an ogre
             ... wielding a +0 giant club
              (21 damage)
             ... on level 3 of the Dungeon.
             The game lasted 00:02:02 (1513 turns).

varam the Chopper (Hill Orc Fighter)                Turns: 1513, Time: 00:02:02

Health: -5/39      AC:  8    Str: 18    XL:     4   Next: 68%
Magic:  4/4        EV:  7    Int:  9    God:    Makhleb [......]
Gold:   72         SH:  9    Dex: 10    Spells: 3/3 levels left

rFire    + . .     SeeInvis .   a - +0 war axe
rCold    x . .     Gourm    .   c - +0 shield
rNeg     . . .     Faith    +   b - +0 scale mail
rPois    .         Spirit   .   j - +2 hat
rElec    .         Reflect  .   (no cloak)
rCorr    .         Harm     .   (no gloves)
MR       .....                  (no boots)
Stlth    ..........             m - amulet of faith
HPRegen  0.13/turn              q - ring of fire
MPRegen  0.09/turn              (no ring)

@: no status effects
A: no striking features
a: Renounce Religion


You were on level 3 of the Dungeon.
You worshipped Makhleb.
Makhleb was noncommittal.
You were not hungry.

You visited 1 branch of the dungeon, and saw 3 of its levels.

You collected 72 gold pieces.

Inventory:

Hand Weapons
 a - a +0 war axe (weapon)
Armour
 b - a +0 scale mail (worn)
 c - a +0 shield (worn)
 j - a +2 hat (worn)
Jewellery
 m - an amulet of faith (around neck)
 q - a ring of fire (left hand)
Scrolls
 e - 2 scrolls of enchant weapon {unknown}
 h - a scroll of fear {unknown}
 l - 3 scrolls of teleportation {unknown}
 n - 2 scrolls of identify {unknown}
 o - 2 scrolls of remove curse {unknown}
Potions
 d - a potion of might
 g - a potion of flight {unknown}
 i - 2 potions of lignification {unknown}
 k - 2 potions of curing {unknown}
 p - a potion of agility {unknown}
Comestibles
 f - 5 rations


   Skills:
 - Level 3.6 Fighting
 * Level 5.4 Axes
 - Level 3.2 Armour
 + Level 4.2 Shields


You had 3 spell levels left.
You didn't know any spells.

Dungeon Overview and Level Annotations

Branches:
Dungeon (3/15)

Altars:
Makhleb
Sif Muna


Message History

You feel a surge of divine interest.
m - an amulet of faith (around neck)
An ogre comes into view. It is wielding a giant club.
The ogre shouts!
An ogre is nearby!
An ogre is nearby!
You slash the ogre!
The ogre is heavily wounded.
The ogre hits you with a giant club.
Your shield and scale mail prevent you from hitting the ogre.
The ogre is heavily wounded.
The ogre hits you with a giant club!!
You hit the ogre.
The ogre is severely wounded.
You block the ogre's attack.
You hit the ogre but do no damage.
The ogre is severely wounded.
The ogre hits you with a giant club!!
Ouch! That really hurt!
You die...

### ###.###
#..@O.#### ###.#....#
####.####.#
#......##.#
#.##.#.##.#
#.##.#.##.#
####....#.##.######
......>#............#
######......###.###.#


You could see an ogre.

Vanquished Creatures
  A hound skeleton (D:2)
  2 adders (D:2)
  2 oozes (D:1)
  A worm (D:2)
  2 dart slugs
  2 leopard geckos (D:1)
  4 bats
  4 giant cockroaches
  5 goblins
  8 hobgoblins
  4 jackals (D:1)
  A kobold (D:2)
  A quokka (D:2)
  3 frilled lizards
  A jackal zombie (D:2)
  6 rats
47 creatures vanquished.

Notes
Turn   | Place    | Note
-------+----------+-------------------------------------------
     0 | D:1      | varam the Hill Orc Fighter began the quest for the Orb.
     0 | D:1      | Reached XP level 1. HP: 19/19 MP: 1/1
    95 | D:1      | Reached skill level 3 in Axes
   111 | D:1      | Reached XP level 2. HP: 26/26 MP: 2/2
   294 | D:1      | Reached skill level 4 in Axes
   344 | D:1      | Reached XP level 3. HP: 28/31 MP: 3/3
  1013 | D:2      | Reached skill level 4 in Shields
  1013 | D:2      | Reached XP level 4. HP: 35/39 MP: 4/4
  1090 | D:2      | Reached skill level 5 in Axes
  1128 | D:2      | Found a deep blue altar of Sif Muna.
  1235 | D:2      | Found a burning altar of Makhleb.
  1279 | D:2      | Became a worshipper of Makhleb the Destroyer
  1509 | D:3      | Noticed an ogre
  1513 | D:3      | Slain by an ogre

Vault maps used:
D:1:      dpeg_arrival_snail, minmay_tall_x
D:2:      lemuel_doored_altar, lemuel_crystal_altar, minmay_circled_x
D:3:      chequers_ecumenical_altar_island, grunt_decor_cap

Skill      XL: |  1  2  3  4 |
---------------+-------------+-----
Axes           | 3 4 5 |  5.4
Shields        | 4 |  4.2
Fighting       | |  3.6
Armour         | |  3.2

Action                   |  1- 3 |  4- 6 || total
-------------------------+-------+-------++-------
Melee: War axe           |    91 |    49 ||   140
  Eat: Chunk             |       |     2 ||     2
Armor: Scale mail        |    46 |    29 ||    75
Dodge: Dodged            |    24 |    14 ||    38
Block: Shield            |    53 |    20 ||    73

Table legend:
 A = Spawn XP
 B = Non-spawn XP
 C = Spawn XP percentage of total XP
 D = Spawn monster count
 E = Non-spawn monster count
 F = Spawn count percentage of total count
 G = Total turns spent on level
                    A         B        C        D         E        F      G
               +---------+---------+-------+---------+---------+-------+---------
         Total |       0 |     139 |   0.0 |       0 |      47 |   0.0 |  1513
               +---------+---------+-------+---------+---------+-------+---------
           D:1 |       0 |      63 |   0.0 |       0 |      28 |   0.0 |   943
           D:2 |       0 |      76 |   0.0 |       0 |      19 |   0.0 |   532
               +---------+---------+-------+---------+---------+-------+---------
